 Dungeon Crawl Stone Soup version 0.30.1-3-gfc49f6343a (webtiles) character file.

Game seed: 8216353392534062972

121 booth the Trooper (level 4, -3/34 (35) HPs)
             Began as a Demonspawn Gladiator on Aug 2, 2023.
             Was a Believer of Fedhas.
             Slain by Crazy Yiuf
             ... wielding a +2 quarterstaff of chaos
              (4 damage)
             ... on level 2 of the Dungeon.
             The game lasted 00:11:10 (1621 turns).

booth the Trooper (Demonspawn Gladiator)            Turns: 1621, Time: 00:11:11

HP:   -3/34 (35)    AC:  5    Str: 16    XL:     4   Next: 77%
MP:   6/6           EV: 12    Int: 12    God:    Fedhas [**....]
Gold: 45            SH:  0    Dex: 14    Spells: 5/5 levels left

rFire   . . .        a - +0 war axe
rCold   . . .        (no shield)
rNeg    . . .        b - +1 leather armour
rPois   .            c - +0 helmet
rElec   .            (no cloak)
rCorr   .            (no gloves)
SInv    .            (no boots)
Will    .....        (no amulet)
Stlth   +            (no ring)
HPRegen 0.25/turn    (no ring)
MPRegen 0.10/turn

%: no passive effects
@: confused, lightly drained
A: big brain 1, demonic magic 1
a: Renounce Religion, Wall of Briars


You were on level 2 of the Dungeon.
You worshipped Fedhas.
Fedhas was pleased with you.
You visited 1 branch of the dungeon, and saw 2 of its levels.

You collected 45 gold pieces.

Inventory:

Hand Weapons
 a - a +0 war axe (weapon)
 m - a +0 mace
Missiles
 d - 3 throwing nets (quivered)
 e - a javelin
 i - 5 poisoned darts
Armour
 b - a +1 leather armour (worn)
 c - a +0 helmet (worn)
Scrolls
 f - a scroll of identify
 h - a scroll of teleportation
 k - 4 scrolls of amnesia
Potions
 g - a potion of attraction {unknown}
 l - a potion of ambrosia


   Skills:
 * Level 3.3 Fighting
 + Level 3.2 Axes
 + Level 2.4 Throwing
 + Level 3.1 Dodging
 + Level 1.4 Spellcasting


You had 5 spell levels left.
You didn't know any spells.
Your spell library contained the following spells:

 Spells                   Type           Power      Damage    Failure   Level
 Sublimation of Blood     Necr           0%         N/A       47%         2
 Ozocubu's Armour         Ice            0%         N/A       71%         3
 Borgnjor's Vile Clutch   Necr/Erth      0%         N/A       100%        5
 Ozocubu's Refrigeration  Ice            0%         4d7       100%        7
 Chain Lightning          Conj/Air       0%         N/A       100%        9


Dungeon Overview and Level Annotations

Branches:
Dungeon (2/15)

Altars:
Fedhas

Annotations:
D:2 Crazy Yiuf


Innate Abilities, Weirdness & Mutations

You have an unusually large brain. (Int +2)
Spells you cast may paralyse adjacent enemies.


Message History

You open the door. You hit Crazy Yiuf.
Crazy Yiuf is lightly wounded.
Crazy Yiuf hits you with a +2 quarterstaff of chaos.
Crazy Yiuf freezes you.
You hit Crazy Yiuf but do no damage.
Crazy Yiuf is lightly wounded.
Crazy Yiuf yells, "Goldfish sing-song sallow!"
Crazy Yiuf hits you with a +2 quarterstaff of chaos!
Crazy Yiuf burns you.
Crazy Yiuf hits you with a +2 quarterstaff of chaos!
You feel drained.
* * * LOW HITPOINT WARNING * * *
You slash Crazy Yiuf!
Crazy Yiuf is severely wounded.
Crazy Yiuf barely misses you.
You hit Crazy Yiuf.
Crazy Yiuf is severely wounded.
Crazy Yiuf glowers.
Crazy Yiuf closely misses you. Crazy Yiuf barely misses you.
You barely miss Crazy Yiuf.
Crazy Yiuf is severely wounded.
Crazy Yiuf hits you but does no damage.
Throw: 4 throwing nets
Press: ? - help, Q - select action, (/) - cycle Shift-Dir - straight line, f - Crazy Yiuf
Aim: Crazy Yiuf, wielding a +2 quarterstaff of chaos and wearing a +0 cloak (severely wounded, 64% to hit)
You throw a throwing net.
The throwing net closely misses Crazy Yiuf.
Crazy Yiuf hits you with a +2 quarterstaff of chaos!
* * * LOW HITPOINT WARNING * * *
Crazy Yiuf freezes you.
* * * LOW HITPOINT WARNING * * *
You barely miss Crazy Yiuf.
Crazy Yiuf is severely wounded.
Crazy Yiuf hits you but does no damage.
You are confused.
You bump into the stone wall.
Crazy Yiuf hits you with a +2 quarterstaff of chaos.
You die...
Fedhas appreciates your contribution to the ecosystem.

........#
####....####..........#
........# #+..+#
#.#.######.# ........#
#..).# #+#.# #.#
##+#+#### #.).## #...#
#.# ##.## #...# #.#
#.## #...# #.# ##.#
#...######.# #.##
#....>...... ##@#
#..#.......รท #g#
#..'........ ...
#..#)####### ..#.#
#...# #..#)# ..#.###
#.()# ##.#.# ......
##### #.#.# ..#.. #.#.#
....### ##########.#.#
##...####
#..........#.#


You could see Crazy Yiuf.

Vanquished Creatures
  An adder (D:2)
  4 gnolls (D:2)
  A worm (D:2)
  A dart slug (D:2)
  5 endoplasms
  4 giant cockroaches
  3 goblins
  8 hobgoblins
  9 jackals
  4 quokkas
  6 ball pythons
  2 bats
  A frilled lizard (D:1)
  6 kobolds
  A rat (D:2)
56 creatures vanquished.

Vanquished Creatures (collateral kills)
  A worm (D:2)
  A goblin (D:2)
  A jackal (D:2)
3 creatures vanquished.

Grand Total: 59 creatures vanquished

Notes
Turn   | Place    | Note
-------+----------+-------------------------------------------
     0 | D:1      | booth the Demonspawn Gladiator began the quest for the Orb.
     0 | D:1      | Reached XP level 1. HP: 16/16 MP: 1/1
     4 | D:1      | Got the Grimoire of the Sneaky Orbs
    57 | D:1      | Gained mutation: You have an unusually large brain. (Int
                  | +2) [demonic ancestry]
    57 | D:1      | Reached XP level 2. HP: 13/22 MP: 2/2
   557 | D:1      | Found a faded altar of an unknown god.
   572 | D:1      | Gained mutation: Spells you cast may paralyse adjacent
                  | enemies. [demonic ancestry]
   572 | D:1      | Reached XP level 3. HP: 18/28 MP: 4/4
   581 | D:1      | Prayed at the altar of an unknown god.
   581 | D:1      | Became a worshipper of Fedhas Madash
   581 | D:1      | Reached * piety under Fedhas
   832 | D:2      | Reached skill level 1 in Spellcasting
   959 | D:2      | Reached XP level 4. HP: 21/34 MP: 5/5
   965 | D:2      | Reached ** piety under Fedhas
  1608 | D:2      | Found a runed translucent door.
  1609 | D:2      | Noticed Crazy Yiuf
  1619 | D:2      | HP: 1/34 [Crazy Yiuf/+2 quarterstaff of chaos (1)]
  1621 | D:2      | Slain by Crazy Yiuf

Illustrated notes

Levels and vault maps discovered:
D:1:      dpeg_arrival_tiny_a, layout_basic,
          hellmonk_ecumenical_altar_leap_of_faith
D:2:      layout_basic, kennysheep_jessica_study, uniq_crazy_yiuf_cottage,
          uniq_robin

Skill      XL: |  1  2  3  4 |
---------------+-------------+-----
Throwing       | 2 |  2.4
Axes           | 3 |  3.2
Spellcasting   | 1 |  1.4
Dodging        | 3 |  3.1
Fighting       | 3 |  3.3

Action                     |  1- 3 |  4- 6 || total
---------------------------+-------+-------++-------
  Melee: War axe           |   131 |    58 ||   189
         Punch             |     1 |       ||     1
  Throw: Dart              |     2 |    11 ||    13
         Throwing net      |       |     2 ||     2
 Invoke: Wall of Briars    |       |     1 ||     1
    Use: Scroll            |     4 |     1 ||     5
   Stab: Held in net/web   |       |     1 ||     1
 Armour: Leather armour    |    45 |    14 ||    59
  Dodge: Dodged            |   114 |    39 ||   153
